 Dungeon Sprint DCSS version 0.30-a0-852-g08b95dd62f (webtiles) character file.

Game seed: 8212777591996832047

378 dialectric the Fighter (level 6, -14/45 HPs)
             Began as a Gargoyle Fighter on Mar 5, 2023.
             Was an Initiate of Trog.
             Demolished by a tentacle (21 damage)
             ... attached to a kraken
             ... in the Dungeon (Sprint II: "The Violet Keep of Menkaure").
             The game lasted 00:00:58 (79 turns).

dialectric the Fighter (Gargoyle Fighter)             Turns: 79, Time: 00:00:59

Health: -14/45     AC: 12    Str: 20    XL:     6   Next: 74%
Magic:  6/6        EV: 11    Int:  8    God:    Trog [......]
Gold:   243        SH:  0    Dex: 11    Spells: 5/5 levels left

rFire   . . .      SeeInvis .    a - +0 long sword
rCold   . . .      Faith    .    (no shield)
rNeg    + . .      Spirit   .    b - +0 scale mail
rPois   ∞          Reflect  .    (no helmet)
rElec   +          Rampage  .    (no cloak)
rCorr   .          NoTele   +    (no gloves)
Will    .....                    (no boots) Stlth
                                 (no amulet)
HPRegen 0.27/turn                (no ring)
MPRegen 0.10/turn                (no ring)

@: no status effects
A: sickness immunity, AC +4, negative energy resistance 1, electricity
resistance, torment resistance 1, petrification resistance
a: Renounce Religion


You were in the Dungeon.
You worshipped Trog.
Trog was noncommittal.
You visited 1 branch You collected 243 gold pieces.

Inventory:

Hand Weapons
 a - a +0 long sword (weapon)
Armour
 b - a +0 scale mail (worn)
 c - a +0 buckler
Potions
 e - a potion of curing
 g - a potion of haste
 h - 2 potions of magic
 i - a potion of berserk rage


   Skills:
 + Level 8.6 Fighting
 * Level 8.3 Long Blades
 + Level 8.3 Armour
 - Level 3.0 Dodging
 - Level 3.2 Shields


You had 5 spell levels left.
You didn't know any spells.
Your spell library was empty.

Dungeon Overview and Level Annotations

Branches:
Dungeon (1/1)

Altars:
Cheibriados
Dithmenos
Elyvilon
Fedhas
Gozag
Hepliaklqana
Kikubaaqudgha
Makhleb
Nemelex Xobeh
Okawaru
Qazlal
Ru
Sif Muna
Trog
Uskayaw
Vehumet
Wu Jian
Xom
Yredelemnul
Zin
The Shining One
Jiyva
Lugonu


Innate Abilities, Weirdness & Mutations

You are immune to sickness and miasma.
Your stone body is resilient. (AC +4)
You are immune to poison.
You resist negative energy. (rN+)
You are resistant to electric shocks. (rElec)
You are resistant to unholy torment.
You are immune to petrification.


Message History

There is an open door here.
Found ten items.
Found three altars.
Found four items.
There is a burning altar of Makhleb here.
There is a bloodstained altar of Trog here.
You kneel at the altar of Trog.
Trog welcomes you!
There is a burning altar of Makhleb here.
Found a jade ring and a potion of heal wounds.
There is an opulent altar of Gozag here.
There is an open door here.
You enter the shallow water.
Moving in this stuff is going to be slow.
Found a cyan potion.
Found ten items.
The water moccasin hisses angrily.
Found seven items.
Found five items.
Blink to where?
Press: ? - help, Dir - move target A kraken comes into view.
As you read the scroll of blinking, it crumbles to dust.
Tentacles burst out of the water! 2 tentacles come into view.
As you open the door, it creaks loudly! The tentacle slaps you!
Found eight items.
The tentacle slaps you! x2
* * * LOW HITPOINT WARNING * * *
There is an open door here.
You feel much better. The tentacle slaps you! The tentacle closely misses you.
Found six items.
The tentacle slaps you but does no damage.
You see here 13 gold pieces.
The tentacle slaps you!
* * * LOW HITPOINT WARNING * * *
You see here a scroll labelled LEYHU PYANAR.
The tentacle slaps you but does no damage.
You see here a +0 robe.
The tentacle slaps you!!
You die...

▓▓▓▓▓▓▓▓▓ ≈≈≈§§§§≈▓▓
▓▓▓▓▓▓▓▓▓▓ [[)(!$)$▓▓
▓!!!)![([▓▓ +^###
"▓!$[?!$?!▓▓ ...#
#▓$$![!?!$▓▓ #..#
#▓==$!!:)@▓▓ +..#
#▓["!)!(w[▓▓ #^^#
#▓)?[[[│??▓▓
##..####▓)$?!$│?$▓▓
###...##▓▓▓▓▓▓▓\▓▓▓▓+▓
§.~~~~~~~~~~~~~.──Xw≈▓
..~#'########+###.ww≈▓
..~#_._.....#S~~##≈≈≈▓
~.~#._._....#§~§§ ###▓


You could see a kraken and 2 tentacles.

Vanquished Creatures
  Menkaure (D)
  A water moccasin (D)
  4 necrophages (D)
  3 worms (D)
9 creatures vanquished.

Notes
Turn   | Place    | Note
-------+----------+-------------------------------------------
     0 | D        | dialectric the Gargoyle Fighter began the quest for the
                  | Orb.
     0 | D        | Reached XP level 1. HP: 14/14 MP: 1/1
    13 | D        | Reached skill level 1 in Dodging
    15 | D        | Reached XP level 2. HP: 20/20 MP: 2/2
    19 | D        | Noticed a necrophage
    19 | D        | Noticed a necrophage
    19 | D        | Noticed a necrophage
    19 | D        | Noticed a necrophage
    23 | D        | Killed a necrophage
    24 | D        | Reached skill level 5 in Fighting
    24 | D        | Reached skill level 5 in Armour
    24 | D        | Reached XP level 3. HP: 25/27 MP: 3/3
    24 | D        | Reached XP level 4. HP: 30/32 MP: 4/4
    29 | D        | Killed a necrophage
    30 | D        | Reached skill level 5 in Long Blades
    30 | D        | Reached XP level 5. HP: 31/37 MP: 5/5
    34 | D        | Noticed Menkaure
    36 | D        | Reached XP level 6. HP: 38/44 MP: 6/6
    37 | D        | Noticed a water moccasin
    39 | D        | Killed Menkaure
    40 | D        | Killed a water moccasin
    46 | D        | Found an iron altar of Okawaru.
    46 | D        | Found a radiant altar of Vehumet.
    47 | D        | Found a sparkling altar of Nemelex Xobeh.
    47 | D        | Found a hide-covered altar of Uskayaw.
    47 | D        | Found a glowing silver altar of Zin.
    48 | D        | Found an opulent altar of Gozag.
    48 | D        | Found a burning altar of Makhleb.
    48 | D        | Found a bloodstained altar of Trog.
    49 | D        | Found a blossoming altar of Fedhas.
    49 | D        | Found a corrupted altar of Lugonu.
    49 | D        | Found a basalt altar of Yredelemnul.
    49 | D        | Found a shimmering blue altar of Sif Muna.
    50 | D        | Found a white marble altar of Elyvilon.
    50 | D        | Found an ancient bone altar of Kikubaaqudgha.
    51 | D        | Found a shadowy altar of Dithmenos.
    51 | D        | Found a viscous altar of Jiyva.
    52 | D        | Found a snail-covered altar of Cheibriados.
    54 | D        | Found a shimmering altar of Xom.
    54 | D        | Found a sacrificial altar of Ru.
    54 | D        | Found a hazy altar of Hepliaklqana.
    55 | D        | Found a glowing golden altar of the Shining One.
    55 | D        | Found an ornate altar of the Wu Jian Council.
    55 | D        | Found a stormy altar of Qazlal.
    60 | D        | Became a worshipper of Trog the Wrathful
    69 | D        | Noticed a water moccasin
    69 | D        | Noticed a water moccasin
    72 | D        | Noticed a kraken
    79 | D        | Demolished by a tentacle

Illustrated notes

Levels and vault maps discovered:
D:        the_violet_keep_of_menkaure [sprint2_stairs_cluster_1,
          sprint2_shoproom, sprint2_temple, sprint2_basic_supplies,
          sprint2_obstacle_1, sprint2_obstacle_7, sprint2_obstacle_4,
          sprint2_obstacle_3, sprint2_obstacle_5, sprint2_timed_cluster_1,
          sprint2_smallroom_cluster_1, sprint2_smallroom_final_cluster_1,
          sprint2_transparent_cluster_1, sprint2_second_timed_cluster_1,
          sprint2_sniper_area_1, sprint2_heavy_combat_area_1,
          sprint2_mutation_trap_area_1, sprint2_forest_area_1,
          sprint2_light_combat_area_1, sprint2_behind_water_1,
          sprint2_near_end_vault_1]

Skill      XL: |  1  2  3  4  5  6 |
---------------+-------------------+-----
Long Blades    | 2 3 5 7 8 |  8.3
Dodging        | 1 3 |  3.0
Fighting       | 4 5 6 7 8 |  8.6
Armour         | 4 5 6 7 8 |  8.3
Shields        | |  3.2

Action                     |  1- 3 |  4- 6 || total
---------------------------+-------+-------++-------
  Melee: Long sword        |     9 |    15 ||    24
         Punch             |       |     1 ||     1
    Use: Potion            |     1 |     1 ||     2
         Scroll            |       |     1 ||     1
 Armour: Scale mail        |     3 |     8 ||    11
  Dodge: Dodged            |       |     5 ||     5

Table legend: (Time is in decaauts)
 A = Elapsed time spent in this place.
 B = Non-inter-level travel time spent in this place.
 C = Inter-level travel time spent in this place.
 D = Time resting spent in this place.
 E = Time spent auto-exploring this place.
 F = Levels seen in this place.
 G = Mean time per level.
                   A        B        C        D        E       F      G
               +--------+--------+--------+--------+--------+-----+--------+
         Total |     87 |     87 |      0 |      0 |      0 |   1 |   87.0 |
       Dungeon |     87 |     87 |      0 |      0 |      0 |   1 |   87.0 |
               +--------+--------+--------+--------+--------+-----+--------+

Top non-repeatable levels by time:
       D: 87 daAuts
